 Dungeon Crawl Stone Soup version 0.30.0-19-g36f170ea60 (webtiles) character file.

Game seed: 12884821511814286513

359 JanusIIV the Skirmisher (level 6, 0/37 (38) HPs)
             Began as a Deep Elf Hunter on May 28, 2023.
             Was an Initiate of Dithmenos.
             Slain by a wight
             ... wielding a +4 battleaxe
              (14 damage)
             ... on level 4 of the Dungeon.
             The game lasted 00:04:59 (2572 turns).

JanusIIV the Skirmisher (Deep Elf Hunter)           Turns: 2572, Time: 00:05:00

HP:   0/37 (38)     AC:  5    Str:  8    XL:     6   Next: 37%
MP:   8/8           EV: 12    Int: 14    God:    Dithmenos [......]
Gold: 159           SH:  0    Dex: 20    Spells: 5/5 levels left

rFire   . . .        a - +0 shortbow
rCold   . . .        (shield currently unavailable)
rNeg    . . .        c - +0 leather armour
rPois   .            (no helmet)
rElec   .            h - +0 cloak
rCorr   .            e - +0 pair of gloves
SInv    .            (no boots)
Will    +....        (no amulet)
Stlth   ++           (no ring)
HPRegen 0.26/turn    (no ring)
MPRegen 0.11/turn

%: no passive effects
@: lightly drained
A: strong-willed 1, mutation resistance 1, MP-powered wands
a: Renounce Religion


You were on level 4 of the Dungeon.
You worshipped Dithmenos.
Dithmenos was noncommittal.
You visited 2 branches of the dungeon, and saw 5 of its levels.

You collected 159 gold pieces.

Inventory:

Hand Weapons
 a - a +0 shortbow (weapon)
Missiles
 q - a throwing net
Armour
 c - a +0 leather armour (worn)
 e - a +0 pair of gloves (worn)
 h - a +0 cloak (worn)
Jewellery
 s - a ring of flight
Scrolls
 b - a scroll of immolation
 d - a scroll of torment {unknown}
 f - a scroll of fog {unknown}
 g - 2 scrolls of enchant armour {unknown}
 j - 5 scrolls of identify {unknown}
 l - 4 scrolls of noise {unknown}
 m - a scroll of amnesia {unknown}
 p - a scroll of enchant weapon {unknown}
Potions
 k - a potion of invisibility
 r - a potion of attraction {unknown}


   Skills:
 + Level 4.1 Fighting
 + Level 8.1 Ranged Weapons
 - Level 2.4 Dodging
 - Level 1.2 Stealth


You had 5 spell levels left.
You didn't know any spells.
Your spell library contained the following spells:

 Spells                   Type           Power      Damage    Failure   Level
 Hailstorm                Conj/Ice       0%         3d3       77%         3
 Ice Form                 Ice/Tmut       0%         N/A       99%         4
 Simulacrum               Ice/Necr       0%         N/A       100%        6


Dungeon Overview and Level Annotations

Branches:
Dungeon (4/15)             Temple (1/1) D:4

Altars:
Ashenzari
Cheibriados
Dithmenos
Elyvilon
Gozag
Hepliaklqana
Makhleb
Nemelex Xobeh
Okawaru
Vehumet
Xom
Yredelemnul
The Shining One


Innate Abilities, Weirdness & Mutations

You are strong-willed. (Will+)
You are somewhat resistant to further mutation.
You expend magic power (3 MP) to strengthen your wands.


Message History

a +0 short sword; a kobold corpse You now have 159 gold pieces (gained 12).
Things that are here:
a +0 short sword; a kobold corpse An adder comes into view.
You shoot an arrow. The arrow hits the adder!
The adder hisses angrily.
The adder is heavily wounded.
You shoot an arrow. The arrow misses the adder.
You shoot an arrow. The arrow hits the adder!
You kill the adder!
Dithmenos accepts your kill.
Found a dagger.
There is a stone staircase leading up here. 2 wights come into view.
You shoot an arrow.
The arrow hits the wight but does no damage.
You shoot an arrow. The arrow hits the wight.
The wight is lightly damaged.
You shoot an arrow. The arrow closely misses the wight.
You shoot an arrow. The arrow closely misses the wight.
You shoot an arrow. The arrow hits the wight.
The wight is moderately damaged.
The wight closely misses you.
You shoot an arrow. The arrow hits the wight.
The wight is moderately damaged.
The wight closely misses you.
You shoot an arrow. The arrow closely misses the wight.
The wight hits you with a +4 battleaxe. The wight hits you with a +4 battleaxe!
You feel drained.
You shoot an arrow.
The arrow hits the wight but does no damage.
The wight is moderately damaged.
The wight hits you with a +4 battleaxe.
You are too injured to fight recklessly!
You are too injured to fight recklessly!
You shoot an arrow. The arrow hits the wight.
The wight is severely damaged.
The wight hits you with a +4 battleaxe!
You die...

#.#.# #.##.....
#.#.# #....####
#.[.#######.##.####
##.<...............
#.######..........
#.#####........###
#..............# #
#z.####........###
#@.# ##..........
#..# ##...#.####
#..# ###.#.#.# #..#
##.)###..#
#..###..## ##.#
#........###..####
##.###....#.......
#.#######.#..####
#.)..........####


You could see a wight.

Vanquished Creatures
  A kobold brigand (D:4)
  2 wights (D:4)
  An iron imp (D:3)
  8 adders
  2 worms (D:3)
  3 dart slugs
  2 orcs (D:4)
  4 bats
  8 endoplasms
  2 giant cockroaches
  5 goblins
  8 hobgoblins
  4 jackals (D:2)
  7 kobolds
  2 quokkas
  7 ball pythons
  2 frilled lizards
  A rat (D:2)
69 creatures vanquished.

Notes
Turn   | Place    | Note
-------+----------+-------------------------------------------
     0 | D:1      | JanusIIV the Deep Elf Hunter began the quest for the Orb.
     0 | D:1      | Reached XP level 1. HP: 12/12 MP: 3/3
    54 | D:1      | Reached XP level 2. HP: 17/17 MP: 4/4
   416 | D:2      | Reached skill level 6 in Ranged Weapons
   419 | D:2      | Reached XP level 3. HP: 21/21 MP: 5/5
   779 | D:2      | Reached XP level 4. HP: 27/27 MP: 6/6
  1114 | D:3      | Noticed a shining eye
  1116 | D:3      | Found a faded altar of an unknown god.
  1118 | D:3      | Noticed a floating eye
  1118 | D:3      | Noticed a floating eye
  1118 | D:3      | Noticed an eye of devastation
  1737 | D:3      | Found a snail-covered altar of Cheibriados.
  1744 | D:3      | Reached skill level 7 in Ranged Weapons
  1744 | D:3      | Reached XP level 5. HP: 20/32 MP: 7/7
  1999 | D:4      | Reached XP level 6. HP: 38/38 MP: 8/8
  2015 | D:4      | Found a staircase to the Ecumenical Temple.
  2070 | Temple   | Entered the Ecumenical Temple
  2115 | Temple   | Became a worshipper of Dithmenos the Shadowed
  2198 | D:4      | Gained mutation: You are strong-willed. (Will+) [potion of
                  | mutation]
  2198 | D:4      | Gained mutation: You expend magic power (3 MP) to
                  | strengthen your wands. [potion of mutation]
  2198 | D:4      | Gained mutation: You are somewhat resistant to further
                  | mutation. [potion of mutation]
  2210 | D:4      | Reached skill level 8 in Ranged Weapons
  2572 | D:4      | Slain by a wight

Illustrated notes

Levels and vault maps discovered:
D:1:      dpeg_arrival_orchard, layout_rooms
D:2:      minmay_alternating_diamond, layout_loops_cross,
          nicolae_concentric_dashed_squares_mild
D:3:      layout_loops_ring, chei_slow_surprise,
          hellmonk_ecumenical_altar_watching_god, amcnicky_mini_pool_small,
          skrybe_limestone_x, dk_vineyard_3
D:4:      layout_loops_ring, mainiacjoe_overflow_alcove_2, temple_pool_b,
          st_stairs_13
Temple:   nicolae_temple_hex_pool

Skill      XL: |  1  2  3  4  5  6 |
---------------+-------------------+-----
Fighting       | 2 3 4 |  4.1
Ranged Weapons | 6 7 8 |  8.1
Dodging        | |  2.4
Stealth        | |  1.2

Action                     |  1- 3 |  4- 6 || total
---------------------------+-------+-------++-------
   Fire: Shortbow          |    97 |   115 ||   212
    Use: Potion            |       |     4 ||     4
 Armour: Leather armour    |    12 |     9 ||    21
         Skin              |       |     6 ||     6
  Dodge: Dodged            |    35 |    23 ||    58
